 Dungeon Crawl Stone Soup version 0.21.1-1-g345015fe64 (webtiles) character file.

487 Jannitor the Skirmisher (level 6, -6/57 HPs)
             Began as a Minotaur Berserker on June 23, 2018.
             Was a Believer of Trog.
             Mangled by an iron imp (9 damage)
             ... summoned by Eustachio
             ... on level 5 of the Dungeon.
             The game lasted 00:01:50 (1408 turns).

Jannitor the Skirmisher (Minotaur Berserker)        Turns: 1408, Time: 00:01:50

Health: -6/57      AC:  5    Str: 29      XL:     6   Next: 89%
Magic:  5/5        EV: 12    Int:  4      God:    Trog [**....]
Gold:   114        SH:  0    Dex:  4 (9)  Spells: 5/5 levels left

rFire    . . .     SeeInvis .   n - +0 war axe
rCold    . . .     Gourm    .   (no shield)
rNeg     . . .     Faith    .   b - +0 animal skin
rPois    .         Spirit   .   (helmet restricted)
rElec    .         Reflect  .   (no cloak)
rCorr    .         Harm     .   f - +2 pair of gloves
MR       .....                  (no boots)
Stlth    +.........             (no amulet)
HPRegen  0.19/turn              (no ring)
MPRegen  0.09/turn              (no ring)

@: mighty, lethally poisoned (-6 -> -20), berserk cooldown, slowed, very slow
A: retaliatory headbutt, horns 2
a: Berserk, Trog's Hand, Burn Spellbooks, Renounce Religion


You were on level 5 of the Dungeon.
You worshipped Trog.
Trog was pleased with you.
You were near starving.

You visited 1 branch of the dungeon, and saw 5 of its levels.

You collected 114 gold pieces.

Inventory:

Hand Weapons
 a - a +0 hand axe
 n - a +0 war axe (weapon)
Armour
 b - a +0 animal skin (worn)
 f - a +2 pair of gloves (worn)
Jewellery
 o - a +2 ring of dexterity {unknown}
Scrolls
 i - a scroll of remove curse {unknown}
 k - 2 scrolls of identify {unknown}
 m - a scroll of fear {unknown}
Potions
 d - 2 potions of haste {unknown}
 e - a potion of heal wounds {unknown}
 h - a potion of curing
 j - a potion of agility {unknown}
Comestibles
 c - 6 rations


   Skills:
 + Level 5.6 Fighting
 + Level 5.6 Axes
 + Level 4.9 Armour
 + Level 4.5 Dodging


You had 5 spell levels left.
You didn't know any spells.

Dungeon Overview and Level Annotations

Branches:
Dungeon (5/15)
 Temple: D:4-7

Altars:

Annotations:
D:5 Eustachio


Innate Abilities, Weirdness & Mutations

You reflexively headbutt those who attack you in melee.
You have a pair of horns on your head.


Message History

The bat hits you but does no damage. Eustachio closely misses you.
You furiously retaliate!
You headbutt Eustachio! You closely miss Eustachio.
Your headbutt misses Eustachio.
Eustachio is almost dead.
You slash the bat!
You kill the bat!
The bat's corpse disappears in a puff of smoke!
You hit the white imp. You barely miss the bat. You barely miss the iron imp.
* * * LOW HITPOINT WARNING * * *
You feel very sick. The bat barely misses you. You furiously retaliate!
You headbutt the bat. The bat barely misses you. You furiously retaliate!
You headbutt the bat!
You kill the bat!
The bat's corpse disappears in a puff of smoke!
The bat closely misses you. The white imp gestures at you.
The puff of frost hits you!
* * * LOW HITPOINT WARNING * * *
The iron imp hits you!
You die...

######...###
###...........#
##.........$....
##................
#.................
##................#
#................#
......5.%........#
#.....@@........#
#....5b5§..†...##
##............##
###.........##
####.....## ##
####.## #. ## #..##
#. ....## #...### #.
.........<.###.#...##
#.


You could see Eustachio, 2 iron imps, a white imp and a bat.

Vanquished Creatures
  The ghost of Hercules1031 the Skirmisher, an amateur HOFi (D:4)
  A howler monkey (D:4)
  A hound (D:4)
  A quasit (D:5)
  An iguana (D:4)
  3 worker ants
  2 adders
  2 oozes
  A worm (D:5)
  A dart slug (D:4)
  A leopard gecko (D:1)
  An orc (D:3)
  A bat (D:1)
  3 giant cockroaches
  4 goblins
  6 hobgoblins
  3 jackals (D:4)
  3 kobolds
  A ball python (D:1)
  2 frilled lizards
  A leopard gecko zombie (D:5)
  4 rats
44 creatures vanquished.

Notes
Turn   | Place    | Note
-------+----------+-------------------------------------------
     0 | D:1      | Jannitor the Minotaur Berserker began the quest for the Orb.
     0 | D:1      | Reached XP level 1. HP: 19/19 MP: 0/0
    31 | D:1      | Reached XP level 2. HP: 17/27 MP: 1/1
   538 | D:2      | Reached XP level 3. HP: 28/33 MP: 2/2
   622 | D:3      | Reached ** piety under Trog
   722 | D:4      | Reached XP level 4. HP: 22/41 MP: 3/3
   971 | D:4      | Reached XP level 5. HP: 47/47 MP: 4/4
   977 | D:4      | Noticed Hercules1031's ghost (amateur HOFi)
   989 | D:4      | Killed Hercules1031's ghost
   989 | D:4      | Reached skill level 5 in Fighting
   989 | D:4      | Reached skill level 5 in Axes
   989 | D:4      | Reached XP level 6. HP: 35/56 MP: 5/5
  1240 | D:5      | Entered Level 5 of the Dungeon
  1384 | D:5      | Noticed Eustachio
  1408 | D:5      | Mangled by an iron imp

Skill      XL: |  1  2  3  4  5 |
---------------+----------------+-----
Fighting       | 4 5 |  5.6
Axes           | 4 5 |  5.6
Armour         | 3 4 |  4.9
Dodging        | 3 4 |  4.5

Action                   |  1- 3 |  4- 6 || total
-------------------------+-------+-------++-------
Melee: Hand axe          |    62 |    19 ||    81
       Headbutt          |    11 |    10 ||    21
       War axe           |       |    43 ||    43
Invok: Berserk           |     1 |     2 ||     3
  Use: Potion            |       |     2 ||     2
  Eat: Chunk             |       |     3 ||     3
Armor: Animal skin       |    12 |    34 ||    46
Dodge: Dodged            |    39 |    67 ||   106
